 Dungeon Crawl Stone Soup version 0.25-a0-578-gc91f01c39c (webtiles) character file.

Game seed: 15525822808414610354, levelgen mode: deterministic

77022 Flugslaktarn the Severer (level 15, -3/144 HPs)
             Began as a Deep Dwarf Fighter on Mar 4, 2020.
             Was the Champion of Makhleb.
             Slain by the 26-headed Lernaean hydra (8 damage)
             ... on level 4 of the Swamp.
             The game lasted 00:12:37 (12970 turns).

Flugslaktarn the Severer (Deep Dwarf Fighter)      Turns: 12970, Time: 00:12:37

Health: -3/144     AC: 33    Str: 31    XL:     15   Next: 14%
Magic:  8/8        EV:  8    Int:  9    God:    Makhleb [******]
Gold:   1812       SH:  0    Dex: 14    Spells: 14/14 levels left

rFire    . . .     SeeInvis .   H - +4 executioner's axe (vamp)
rCold    + . .     Gourm    .   (shield currently unavailable)
rNeg     + . .     Faith    .   F - +4 plate armour {rF+}
rPois    .         Spirit   .   (no helmet)
rElec    +         Reflect  .   K - scarf {cloud immunity}
rCorr    .         Harm     +   A - +2 pair of gloves {archery}
MR       ++...                  L - +2 pair of boots
Stlth    ..........             I - amulet of Xom's Ringing Laughter {Harm *Drain Str+2 Dex+2 Slay+3}
HPRegen  0.00/turn              O - ring of Jaecusoff {Ice rElec Str+3}
MPRegen  0.11/turn              W - +6 ring of protection

@: lethally poisoned (-3 -> -3), about to teleport, non-regenerating
A: damage resistance, heal wounds, negative energy resistance 1, sense
surroundings 2, no regeneration
a: Heal Wounds, Minor Destruction, Lesser Servant of Makhleb, Major Destruction,
Greater Servant of Makhleb, Renounce Religion


You were on level 4 of the Swamp.
You worshipped Makhleb.
Makhleb was exalted by your worship.
You were not hungry.

You visited 4 branches of the dungeon, and saw 22 of its levels.
You also visited: Bailey and Ice Cave.

You collected 2463 gold pieces.
You spent 651 gold pieces at shops.

Inventory:

Hand Weapons
 g - a +2 hand axe of flaming
   (You took it off an orc priest on level 10 of the Dungeon)
 y - a +4 battleaxe
   (You took it off a wight on level 6 of the Dungeon)
 D - a +0 broad axe
   (You found it on level 9 of the Dungeon)
 H - a +4 vampiric executioner's axe (weapon)
   (You acquired it on level 1 of the Lair of Beasts)
 Q - a +2 battleaxe of freezing
   (You took it off a frost giant in an ice cave)
Missiles
 J - 6 throwing nets (quivered)
Armour
 c - a +0 kite shield
 A - a +2 pair of gloves of archery (worn)
   (You found it on level 7 of the Dungeon)
 F - a +4 plate armour of fire resistance (worn)
   (You bought it in a shop on level 8 of the Dungeon)
 K - a scarf of cloud immunity (worn)
   (You acquired it on level 11 of the Dungeon)
 L - a +2 pair of boots (worn)
   (You found it on level 10 of the Dungeon)
Jewellery
 a - an uncursed ring of protection from cold {unknown}
   (You found it on level 2 of the Swamp)
 p - a +2 ring of protection
   (You found it on level 11 of the Dungeon)
 I - the amulet of Xom's Ringing Laughter (around neck) {Harm *Drain Str+2 Dex+2 Slay+3}
   (You acquired it on level 1 of the Lair of Beasts)

   [amulet of harm]

   It increases damage dealt and taken.
   It affects your strength (+2).
   It affects your dexterity (+2).
   It affects your accuracy and damage with ranged weapons and melee attacks
   (+3).
   It causes draining when unequipped.
 O - the ring of Jaecusoff (left hand) {Ice rElec Str+3}
   (You found it in an ice cave)

   [ring of ice]

   It enhances your ice magic.
   It affects your strength (+3).
   It makes you vulnerable to fire.
   It protects you from cold.
   It insulates you from electricity.
 W - a +6 ring of protection (right hand)
   (You found it on level 6 of the Lair of Beasts)
Wands
 j - a wand of enslavement (7)
   (You found it on level 7 of the Dungeon)
 v - a wand of digging (4)
   (You found it on level 1 of the Lair of Beasts)
 z - a wand of acid (11)
   (You found it in an ice cave)
 C - a wand of clouds (11)
   (You found it on level 11 of the Dungeon)
 G - a wand of scattershot (2)
   (You took it off an orc on level 10 of the Dungeon)
Scrolls
 t - 7 scrolls of teleportation
 u - 2 scrolls of fog
 x - 6 scrolls of remove curse
 R - 2 scrolls of vulnerability
 S - 2 scrolls of immolation
Potions
 d - 2 potions of might
 f - 3 potions of brilliance
 h - 3 potions of haste
 i - a potion of lignification
 m - 4 potions of stabbing
 n - 3 potions of resistance
 q - 3 potions of curing
 s - 3 potions of flight
 w - 3 potions of heal wounds
 B - a potion of ambrosia
 E - 6 potions of magic
 N - a potion of berserk rage {unknown}
 T - 2 potions of mutation {unknown}
Comestibles
 b - 5 chunks of flesh
 e - 29 rations


   Skills:
 + Level 11.9 Fighting
 * Level 17.2 Axes
 + Level 13.0 Armour
 - Level 8.2 Shields
 + Level 14.3 Invocations


You had 14 spell levels left.
You didn't know any spells.
Your spell library was empty.

Dungeon Overview and Level Annotations

Branches:
Dungeon (11/15)            Temple (1/1) D:4            Lair (6/6) D:11
  Swamp (4/4) Lair:3       Spider (0/4) Lair:2        Slime (0/5) Lair:6
    Orc (0/2) D:10         Bailey (visited)           IceCv (visited)

Altars:
Ashenzari
Gozag
Kikubaaqudgha
Makhleb
Okawaru
Qazlal
Sif Muna
Vehumet
Xom
Yredelemnul
The Shining One
Beogh
Jiyva

Shops:
D:8 [   D:10 *%*

Annotations:
D:6 1 runed translucent door, Flugslaktarn's ghost, novice MiFi
D:11 exclusion: oklob plant
Lair:6 exclusion: 2 oklob plants
Swamp:4 Lernaean hydra


Innate Abilities, Weirdness & Mutations

You are resistant to damage.
You can heal yourself by infusing magical energy.
You resist negative energy. (rN+)
You passively map the area around you.
You do not regenerate.


Message History

* * * LOW HITPOINT WARNING * * *
The 26-headed Lernaean hydra completely misses you.
The 26-headed Lernaean hydra closely misses you.
As you read the scroll of teleportation, it crumbles to dust.
You feel strangely unstable.
The 26-headed Lernaean hydra bites you but does no damage.
The 26-headed Lernaean hydra completely misses you.
The 26-headed Lernaean hydra bites you but does no damage. x6
The 26-headed Lernaean hydra bites you!
* * * LOW HITPOINT WARNING * * *
The 26-headed Lernaean hydra bites you but does no damage. x2
The 26-headed Lernaean hydra barely misses you.
The 26-headed Lernaean hydra bites you but does no damage. x5
The 26-headed Lernaean hydra barely misses you.
The 26-headed Lernaean hydra bites you but does no damage. x2
The 26-headed Lernaean hydra bites you!
* * * LOW HITPOINT WARNING * * *
The 26-headed Lernaean hydra bites you but does no damage. x3
The 26-headed Lernaean hydra bites you!
You die...

* ≈,* ♣≈.≈≈≈# ,* ,
*≈.≈.♣ * ♣.†♣ *, ,
, , * ♣♣.†♣* ,, , ,
♣♣≈≈♣# , , * *
♣.≈[♣# , ,,
♣♣≈†≈†♣* , ,
♣.≈D≈.♣# , *
♣♣≈.@.≈.♣# * *
♣....≈≈.≈♣♣# *≈ *
♣♣.♣..≈≈≈.≈♣♣#* , *
♣♣♣♣♣≈.≈.≈..♣≈ ,
♣♣.≈≈.≈.... , ♣...
♣≈.≈≈≈≈..♣≈ ...
♣....≈≈.♣♣ ≈≈♣ ♣.≈
♣♣..≈..§≈♣ ♣♣≈♣♣§≈
♣.≈≈≈§≈≈≈♣♣♣♣≈..♣≈.


You could see the 26-headed Lernaean hydra.

Vanquished Creatures
  A frost giant (IceCv)
  Josephine (D:11)
  11 hydras
  5 alligators
  2 catoblepae
  An unseen horror (D:10)
  A spriggan druid (Swamp:3)
  3 wizards
  4 swamp dragons
  3 deep elf magi
  A cyclops (D:11)
  An orc sorcerer (D:7)
  10 elephants (Lair:6)
  3 black mambas
  A torpor snail (Lair:6)
  Maggie (D:10)
  8 spiny frogs
  2 rime drakes
  3 komodo dragons
  2 trolls
  18 polar bears
  4 tyrant leeches
  5 hornets (Lair:6)
  Grinder (D:4)
  Prince Ribbit (D:5)
  4 bog bodies
  21 slime creatures
  7 hippogriffs
  A dream sheep (Lair:6)
  23 blink frogs
  Sigmund (D:5)
  A shadow (Swamp:4)
  2 redbacks (Lair:2)
  A vampire (D:11)
  59 yaks
  11 spriggans (Lair:6)
  5 wraiths (D:11)
  3 wyverns
  Grum (D:9)
  A human (D:10)
  4 basilisks
  16 vampire mosquitoes
  A hungry ghost (D:11)
  Menkaure (D:4)
  12 swamp worms
  Edmund (D:4)
  A warg (D:10)
  4 porcupines
  9 water moccasins
  5 swamp drakes
  4 orc warriors
  A phantom (D:4)
  5 black bears
  34 wolves
  3 ogres
  4 boggarts (Lair:6)
  4 centaurs
  13 crocodiles
  A big kobold (D:8)
  15 bullfrogs
  8 gnoll sergeants (Bailey)
  A water moccasin zombie (D:8)
  2 scorpions
  5 killer bees (D:8)
  4 electric eels (Lair:3)
  5 howler monkeys
  9 wights
  7 crimson imps
  2 bullfrog zombies
  8 hounds
  14 orc priests
  A centaur skeleton (D:4)
  3 jellies
  7 gnoll shamans
  4 iguanas
  Natasha (thrice) (D:4)
  11 orc wizards
  10 worker ants
  A hound zombie (D:6)
  A worker ant zombie (D:7)
  8 adders
  20 gnolls
  12 white imps (Lair:3)
  An adder zombie (D:5)
  An adder skeleton (D:4)
  A worm (D:4)
  A dart slug (D:1)
  5 leopard geckos
  59 orcs
  2 bats
  3 giant cockroaches
  6 goblins
  4 hobgoblins
  6 jackals
  3 quokkas
  2 ball pythons
  2 frilled lizards
  A jackal skeleton (D:5)
  9 kobolds
  2 rats (D:2)
  A bush (Lair:5)
  2 fungi (Lair:5)
  2 plants (D:11)
631 creatures vanquished.

Vanquished Creatures (collateral kills)
  2 hydras
  A spiny frog (Lair:4)
  A komodo dragon (Lair:1)
  2 basilisks (Lair:1)
  A crocodile (Lair:1)
7 creatures vanquished.

Vanquished Creatures (others)
  3 fungi
  2 plants
5 creatures vanquished.

Grand Total: 643 creatures vanquished

Notes
Turn   | Place    | Note
-------+----------+-------------------------------------------
     0 | D:1      | Flugslaktarn the Deep Dwarf Fighter began the quest for the
                  | Orb.
     0 | D:1      | Reached XP level 1. HP: 20/20 MP: 1/1
    58 | D:1      | Found a roughly hewn altar of Beogh.
    58 | D:1      | Noticed an orc priest
    58 | D:1      | Noticed an orc warrior
    59 | D:1      | Noticed an orc wizard
    61 | D:1      | Noticed an orc priest
    81 | D:1      | Reached XP level 2. HP: 25/27 MP: 2/2
   348 | D:3      | Noticed a howler monkey
   370 | D:2      | Killed a howler monkey
   370 | D:2      | Reached skill level 3 in Axes
   370 | D:2      | Reached XP level 3. HP: 27/34 MP: 2/2
   477 | D:3      | Reached XP level 4. HP: 33/42 MP: 3/3
   547 | D:4      | Reached skill level 4 in Axes
   547 | D:4      | Reached XP level 5. HP: 36/49 MP: 3/3
   573 | D:4      | Noticed Natasha
   576 | D:4      | Killed Natasha
   585 | D:4      | Found a staircase to the Ecumenical Temple.
   600 | D:4      | Noticed Edmund
   624 | D:4      | Killed Edmund
   624 | D:4      | Reached XP level 6. HP: 27/57 MP: 3/3
   641 | Temple   | Entered the Ecumenical Temple
   656 | Temple   | Became a worshipper of Makhleb the Destroyer
   750 | D:4      | Reached skill level 5 in Axes
   750 | D:4      | Reached skill level 1 in Invocations
   837 | D:4      | Noticed Natasha
   850 | D:4      | Killed Natasha
   959 | D:4      | Noticed Natasha
   978 | D:4      | Killed Natasha
  1030 | D:4      | Reached XP level 7. HP: 53/64 MP: 5/5
  1232 | D:4      | Noticed Grinder
  1233 | D:4      | Paralysed by Grinder for 5 turns
  1243 | D:4      | Paralysed by Grinder for 6 turns
  1265 | D:4      | Killed Grinder
  1265 | D:4      | Reached skill level 5 in Armour
  1265 | D:4      | Reached skill level 5 in Shields
  1420 | D:4      | Noticed Menkaure
  1425 | D:4      | Reached skill level 6 in Axes
  1432 | D:4      | Killed Menkaure
  1593 | D:5      | Entered Level 5 of the Dungeon
  1613 | D:5      | Noticed Prince Ribbit
  1628 | D:5      | Killed Prince Ribbit
  1628 | D:5      | Reached XP level 8. HP: 34/73 MP: 6/6
  1818 | D:5      | Reached skill level 7 in Axes
  1843 | D:5      | Reached * piety under Makhleb
  1921 | D:5      | Noticed Sigmund
  1943 | D:5      | Killed Sigmund
  2430 | D:6      | Found a runed translucent door.
  2442 | D:6      | Noticed Flugslaktarn's ghost (novice MiFi)
  2485 | D:6      | Reached skill level 5 in Fighting
  2709 | D:6      | Reached skill level 8 in Axes
  2709 | D:6      | Reached skill level 5 in Invocations
  2709 | D:6      | Gained mutation: You passively map the area around you.
                  | [Deep Dwarf growth]
  2709 | D:6      | Reached XP level 9. HP: 81/81 MP: 8/8
  2808 | D:6      | Reached ** piety under Makhleb
  3173 | D:7      | Found a flagged portal.
  3184 | Bailey   | Entered a bailey
  3316 | Bailey   | Reached skill level 9 in Axes
  3657 | D:7      | Reached *** piety under Makhleb
  3706 | D:7      | Noticed an orc sorcerer
  3707 | D:7      | Noticed a wizard
  3716 | D:7      | Noticed an ice devil
  3716 | D:7      | Killed an orc sorcerer
  3716 | D:7      | Reached XP level 10. HP: 56/91 MP: 6/6
  3732 | D:7      | Killed a wizard
  3732 | D:7      | Reached skill level 10 in Axes
  3981 | D:8      | Found an opulent altar of Gozag.
  4456 | D:8      | Found Sobohifu's Armour Shop.
  4740 | D:9      | Noticed Grum
  4751 | D:9      | Reached **** piety under Makhleb
  4775 | D:9      | Killed Grum
  4775 | D:9      | Reached skill level 11 in Axes
  4966 | D:9      | Found a shimmering altar of Xom.
  4966 | D:9      | Found a faded altar of an unknown god.
  4971 | D:9      | Found a stormy altar of Qazlal.
  4973 | D:9      | Found a glowing golden altar of the Shining One.
  4975 | D:9      | Found an iron altar of Okawaru.
  5257 | D:10     | Entered Level 10 of the Dungeon
  5257 | D:10     | Found Carghom's General Store.
  5279 | D:10     | Bought a scroll of identify for 32 gold pieces
  5279 | D:10     | Bought a potion of might for 64 gold pieces
  5451 | D:10     | Reached XP level 11. HP: 65/100 MP: 6/6
  5535 | D:10     | Killed an unseen horror
  5575 | D:10     | Found Qashay's Food Emporium.
  5592 | D:10     | Found a staircase to the Orcish Mines.
  5592 | D:10     | Noticed a wizard
  5598 | D:10     | Killed a wizard
  5599 | D:10     | Noticed a deep elf mage
  5613 | D:10     | Killed a deep elf mage
  5615 | D:10     | Identified the Grimoire of Dhcmrlchtdj
  5640 | D:10     | Noticed a wizard
  5640 | D:10     | Noticed a deep elf mage
  5651 | D:10     | Killed a wizard
  5669 | D:10     | Killed a deep elf mage
  5687 | D:10     | Identified Ts'ui Pên's Incunabulum of Forking Paths
  5776 | D:10     | Identified the Grimoire of Axaxaxas mlö
  5819 | D:10     | Noticed Maggie
  5836 | D:10     | Reached skill level 12 in Axes
  5845 | D:10     | Killed Maggie
  5911 | D:10     | Found Kabyff's General Store.
  5917 | D:10     | Bought a potion of resistance for 170 gold pieces
  6294 | D:11     | Noticed a deep elf mage
  6305 | D:11     | Reached ***** piety under Makhleb
  6318 | D:11     | Killed a deep elf mage
  6389 | D:11     | Noticed Josephine
  6397 | D:11     | Noticed a death knight
  6499 | D:11     | Found a staircase to the Lair.
  6501 | D:11     | Noticed an oklob plant
  6525 | D:11     | Identified a scroll of acquirement
  6558 | D:11     | Killed Josephine
  6558 | D:11     | Reached skill level 10 in Invocations
  6613 | Lair:1   | Entered Level 1 of the Lair of Beasts
  6694 | Lair:1   | Noticed a six-headed hydra
  6701 | Lair:1   | Killed a six-headed hydra
  6701 | Lair:1   | Reached XP level 12. HP: 35/111 MP: 5/5
  6731 | Lair:1   | Identified the ring "Ryzytusch" {MP+9 Dex+4} (You acquired
                  | it on level 1 of the Lair of Beasts)
  6732 | Lair:1   | Identified the ring "Wyahiw" {rPois rC+ Str-4 Stlth+} (You
                  | acquired it on level 1 of the Lair of Beasts)
  6733 | Lair:1   | Identified the +10 hunting sling of Supply {speed, Int+7
                  | Dex+3} (You acquired it on level 1 of the Lair of Beasts)
  6733 | Lair:1   | Identified the amulet of Xom's Ringing Laughter {Harm
                  | *Drain Str+2 Dex+2 Slay+3} (You acquired it on level 1 of
                  | the Lair of Beasts)
  7029 | Lair:1   | You fall into a shaft and drop 1 floor!
  7030 | Lair:2   | Found a hole to the Spider Nest.
  7056 | Lair:2   | Reached skill level 13 in Axes
  7062 | Lair:2   | Reached skill level 10 in Armour
  7943 | D:11     | Identified the +6 hunting sling of the Lumpy Songs {venom,
                  | rPois Str+3 Int+4}
  8025 | D:8      | Bought a +1 plate armour of fire resistance for 385 gold
                  | pieces
  8345 | Lair:3   | Found a staircase to the Swamp.
  8727 | Lair:3   | Found a frozen archway.
  8736 | IceCv    | Entered an ice cave
  8900 | IceCv    | Reached skill level 14 in Axes
  8966 | IceCv    | Reached XP level 13. HP: 123/123 MP: 7/7
  9018 | IceCv    | Noticed a frost giant
  9022 | IceCv    | Reached skill level 10 in Fighting
  9035 | IceCv    | Killed a frost giant
  9064 | IceCv    | Got a vibrating turquoise ring
  9581 | Lair:4   | Reached ****** piety under Makhleb
  9870 | Lair:4   | Identified the ring of Jaecusoff {Ice rElec Str+3} (You
                  | found it in an ice cave)
 10840 | Lair:6   | Entered Level 6 of the Lair of Beasts
 10876 | Lair:6   | Reached skill level 15 in Axes
 11114 | Lair:6   | Found a staircase to the Slime Pits.
 11114 | Lair:6   | Found a viscous altar of Jiyva.
 11238 | Lair:6   | Found an ancient bone altar of Kikubaaqudgha.
 11342 | Lair:6   | Gained mutation: You resist negative energy. (rN+) [Deep
                  | Dwarf growth]
 11342 | Lair:6   | Reached XP level 14. HP: 123/133 MP: 9/9
 11514 | Lair:6   | Got a translucent lead ring
 11564 | Lair:6   | Reached skill level 16 in Axes
 12207 | Lair:6   | Identified the ring of Nori {*Tele rElec} (You found it on
                  | level 6 of the Lair of Beasts)
 12290 | Swamp:1  | Entered Level 1 of the Swamp
 12345 | Swamp:1  | HP: 5/135 [13-headed hydra (7)]
 12764 | Swamp:4  | Entered Level 4 of the Swamp
 12912 | Swamp:4  | Reached skill level 17 in Axes
 12922 | Swamp:4  | Reached XP level 15. HP: 144/144 MP: 9/9
 12958 | Swamp:4  | Noticed the 27-headed Lernaean hydra
 12967 | Swamp:4  | HP: 5/144 [the 26-headed Lernaean hydra (8)]
 12968 | Swamp:4  | HP: 1/144 [the 26-headed Lernaean hydra (3)]
 12970 | Swamp:4  | Slain by the 26-headed Lernaean hydra

Levels and vault maps discovered:
D:1:      erik_arrival_cave_to_civilisation [erik_arrival_cave_to_temple],
          layout_basic
D:2:      layout_basic, yredelemnul_altar_generic
D:3:      layout_basic, first_ration
D:4:      layout_loops_corners, minmay_temple_entry_ruins, uniq_edmund,
          uniq_natasha, uniq_menkaure, uniq_grinder
D:5:      layout_cave_pods, uniq_prince_ribbit1, uniq_sigmund
D:6:      minmay_skewed_foursquare, layout_rooms, ebering_ghost_sewer_d,
          hangedman_abyss_or_decor_stagger
D:7:      cheibrodos_wizards_tower, layout_rooms, enter_bailey_3
D:8:      layout_loops_ring, serial_shops, kennysheep_little_box,
          nicolae_gozag_seed_capital
D:9:      layout_roguey, chequers_temple_overflow_minitemple, uniq_grum
D:10:     layout_small_grid, erik_orc_4, serial_shops, shop, shop, shop,
          bh_hangedman_babel_library, uniq_maggie
D:11:     layout_irregular_city, dpeg_oklobed_lair, minmay_misc_feat_tiny,
          grunt_tengu_nest, kb_rosetta, uniq_sonja, uniq_josephine
Temple:   compressed_dpeg_circular_temple
Lair:1:   layout_roguey, enter_volcano_4, beast_lair_carwin_5, lemuel_fruit_tree
Lair:2:   layout_cave_pods, spider_nest_entry_webs
Lair:3:   layout_regular_city, minmay_swamp_entry_eels,
          portal_ice_cave_entry_imps, serial_bayou_ford_a
Lair:4:   layout_regular_city
Lair:5:   layout_roguey
Lair:6:   minmay_lair_end_enchanted_forest, layout_layer_cave, slime_altar_1,
          basic_altar, chequers_serial_rivers_micro_d, st_stairs_4,
          chequers_serial_rivers_large_a, infiniplex_staircase_pool
Swamp:1:  layout_falls_marsh, evilmike_swamp_ruin_house_2, swamp_pool5
Swamp:2:  layout_basic_swamp, hangedman_swamp_pad
Swamp:3:  layout_basic_swamp, serial_swamp_ruin, evilmike_swamp_ruin_rubble_1,
          hangedman_swamp_ruin_wall
Swamp:4:  swamp, layout_basic_swamp

Skill      XL: |  1  2  3  4  5  6  7  8  9 10 11 12 13 14 15 |
---------------+----------------------------------------------+-----
Fighting       | 3 4 5 6 7 8 9 10 11 | 11.9
Axes           | 3 4 5 6 8 9 11 12 14 15 17 | 17.2
Armour         | 4 5 6 7 8 9 10 11 12 13 | 13.0
Shields        | 4 5 6 8 |  8.2
Invocations    | 1 3 5 7 8 10 11 12 14 | 14.3

Action                   |  1- 3 |  4- 6 |  7- 9 | 10-12 | 13-15 || total
-------------------------+-------+-------+-------+-------+-------++-------
Melee: War axe           |    72 |   120 |   246 |       |       ||   438
       Battleaxe         |       |       |   143 |   109 |       ||   252
       Broad axe         |       |       |       |   450 |       ||   450
       Executioner's axe |       |       |       |   230 |   582 ||   812
Invok: Lesser Servant of |       |       |       |     2 |     4 ||     6
 Abil: Heal Wounds       |     1 |     5 |    23 |    41 |    14 ||    84
  Use: Scroll            |       |       |     9 |    19 |    15 ||    43
       Potion            |       |       |       |     2 |       ||     2
 Stab: Confused          |       |       |       |       |     4 ||     4
       Distracted        |       |       |       |       |     1 ||     1
  Eat: Chunk             |       |     1 |     9 |    19 |    14 ||    43
       Ration            |       |       |       |     1 |       ||     1
Armor: Scale mail        |    43 |    19 |       |       |       ||    62
       Chain mail        |       |    26 |   219 |       |       ||   245
       Plate armour      |       |       |    16 |   727 |  1429 ||  2172
Dodge: Dodged            |    24 |    25 |   169 |   292 |   608 ||  1118
Block: Kite shield       |    50 |    59 |   135 |   313 |       ||   557

Table legend:
 A = Non-vault XP
 B = Vault XP
 C = Vault XP percentage of total XP
 D = Non-vault monster count
 E = Vault monster count
 F = Vault count percentage of total count
                 A         B        C        D         E       F
            +---------+---------+-------+---------+---------+-------
      Total |   68994 |   41038 |  37.3 |     425 |     208 |  32.9
            +---------+---------+-------+---------+---------+-------
        D:1 |      19 |       3 |  13.6 |       9 |       2 |  18.2
        D:2 |      66 |       0 |   0.0 |       6 |       0 |   0.0
        D:3 |      60 |       0 |   0.0 |      10 |       0 |   0.0
        D:4 |     482 |     630 |  56.7 |      21 |       4 |  16.0
        D:5 |     468 |     500 |  51.7 |      24 |       2 |   7.7
        D:6 |     581 |     383 |  39.7 |      15 |       8 |  34.8
        D:7 |    1003 |    1213 |  54.7 |      16 |       6 |  27.3
        D:8 |    1503 |       0 |   0.0 |      34 |       0 |   0.0
        D:9 |    1359 |     430 |  24.0 |      34 |       3 |   8.1
       D:10 |    3195 |    3617 |  53.1 |      28 |      22 |  44.0
       D:11 |    2396 |    2170 |  47.5 |      22 |       7 |  24.1
     Lair:1 |    1678 |    1062 |  38.8 |       9 |       5 |  35.7
     Lair:2 |    3857 |     449 |  10.4 |      17 |       2 |  10.5
     Lair:3 |    2371 |     284 |  10.7 |      13 |      15 |  53.6
     Lair:4 |    3591 |       0 |   0.0 |      10 |       0 |   0.0
     Lair:5 |    4867 |       0 |   0.0 |      18 |       0 |   0.0
     Lair:6 |   18582 |   10310 |  35.7 |      66 |      44 |  40.0
    Swamp:1 |    2901 |       0 |   0.0 |       8 |       0 |   0.0
    Swamp:2 |    3500 |       0 |   0.0 |      15 |       0 |   0.0
    Swamp:3 |    8262 |       0 |   0.0 |      22 |       0 |   0.0
    Swamp:4 |    8253 |    6918 |  45.6 |      28 |      11 |  28.2
     Bailey |       0 |    1206 | 100.0 |       0 |      30 | 100.0
      IceCv |       0 |   11863 | 100.0 |       0 |      47 | 100.0
            +---------+---------+-------+---------+---------+-------
